 Dungeon Crawl Stone Soup version 0.32-a0-779-g362cfcae2a (webtiles) character file.

Game seed: 17035200352708743538

1534 kae the Carver (level 8, -5/56 HPs)
             Began as a Coglin Gladiator on Mar 19, 2024.
             Was a Follower of Okawaru.
             Slain by Grum
             ... wielding a +1 spear
              (13 damage)
             ... on level 8 of the Dungeon.
             The game lasted 00:04:23 (4604 turns).

kae the Carver (Coglin Gladiator)                   Turns: 4604, Time: 00:04:24

Health: -5/56      AC:  5    Str: 14    XL:     8   Next: 86%
Magic:  8/8        EV: 11    Int:  8    God:    Okawaru [*.....]
Gold:   14         SH:  0    Dex: 18    Spells: 7/7 levels left

rFire   + . .        a - +2 long sword {Nittaya}
rCold   . . .        u - +5 short sword "Macyzay" {vamp, rElec rF+ Stlth+}
rNeg    . . .        b - +0 leather armour
rPois   .            c - +1 helmet
rElec   +            (no cloak)
rCorr   .            (no gloves)
SInv    .            (no boots)
Will    .....        (amulet unavailable)
Stlth   ++           (ring unavailable)
HPRegen 0.29/turn    (ring unavailable)
MPRegen 0.11/turn    (no gizmo)

%: no passive effects
@: revved
A: off-hand wielding, slow wielding, warmup strikes, no jewellery
a: Invent Gizmo, Renounce Religion, Heroism


You were on level 8 of the Dungeon.
You worshipped Okawaru.
Okawaru was aware of your devotion.
You visited 2 branches of the dungeon, and saw 9 of its levels.
You also visited: Sewer.

You collected 267 gold pieces.
You spent 253 gold pieces at shops.


Innate Abilities, Weirdness & Mutations

You can wield a second weapon in your off-hand.
It takes a long time for you to wield or remove held weapons.
Your first few attacks do less damage.
You cannot equip rings or amulets.


   Skills:
 - Level 2.0 Fighting
 + Level 11.2 Long Blades
 - Level 1.7 Throwing
 - Level 2.6 Dodging


You had 7 spell levels left.
You didn't know any spells.
Your spell library contained the following spells:

 Spells                   Type           Power      Damage    Failure   Level
 Slow                     Hex            0%         N/A       50%         1
 Confusing Touch          Hex            0%         N/A       86%         3
 Vampiric Draining        Necr           0%         2d6       86%         3
 Summon Small Mammal      Summ           Unusable   N/A       N/A         1
 Call Canine Familiar     Summ           Unusable   N/A       N/A         3
 Summon Blazeheart Golem  Fire/Summ      Unusable   N/A       N/A         4

Inventory:

Hand Weapons
 a - a +2 long sword (weapon) {Nittaya}
 f - a +0 dagger {Enrique}
 u - the +5 short sword "Macyzay" (offhand) {vamp, rElec rF+ Stlth+}
   (You found it on level 5 of the Dungeon)

   rF+:       It protects you from fire.
   rElec:     It insulates you from electricity.
   Stlth+:    It makes you more stealthy.
Missiles
 d - 3 throwing nets (quivered) {=f!f}
 e - 7 javelins
 m - 59 stones
 p - 2 boomerangs
 v - a curare-tipped dart {=f}
Armour
 b - a +0 leather armour (worn)
 c - a +1 helmet (worn)
Jewellery
 j - an amulet of reflection
   (You found it on level 1 of the Dungeon)
 D - a +6 ring of dexterity
   (You took it off an orc on level 5 of the Dungeon)
 L - a ring of flight
   (You found it on level 2 of the Dungeon)
Wands
 s - a wand of charming (13)
   (You found it on level 4 of the Dungeon)
Scrolls
 g - 2 scrolls of identify {@r1}
 i - 2 scrolls of blinking {!r}
 l - 3 scrolls of teleportation {@r4}
 n - a scroll of fear
 q - a scroll of noise {!r}
 t - a scroll of summoning
 x - a scroll of fog
 y - a scroll of vulnerability {!r!r}
 z - a scroll of enchant weapon
Potions
 h - 2 potions of degeneration {!q}
 k - 4 potions of heal wounds {@q2}
 o - 5 potions of curing {@q1}
 r - a potion of brilliance
 w - 2 potions of enlightenment
 A - a potion of mutation {!q}
 B - a potion of berserk rage {!q}
 C - a potion of haste {@q3}

Dungeon Overview and Level Annotations

Branches:
Dungeon (9/15) Zot: 26981  Temple (1/1) D:5 Zot: 5947   Sewer (visited)
   Lair: D:8-11         Orc: D:9-12

Altars:
Cheibriados
Dithmenos
Elyvilon
Fedhas
Gozag
Hepliaklqana
Kikubaaqudgha
Makhleb
Nemelex Xobeh
Okawaru
Qazlal
Ru
Trog
Uskayaw
Vehumet
Wu Jian
Xom
Yredelemnul
Zin
The Shining One

Shops:
D:9 !

Annotations:
D:2 1 runed translucent door, Crazy Yiuf
D:8 Grum

#########
#..h....###
#. #......#
#. #>#
#g#####.#
#.@.....#
#.#######
#.. #.# #.
#. #


You could see Grum.


Message History

You hit the wyvern with the +5 short sword "Macyzay".
The wyvern bites you. 😕 HP[-1]
You take 1 damage, and now have 55/56 hp.
Unknown command.
You barely miss the wyvern with your +2 long sword.
You barely miss the wyvern with the +5 short sword "Macyzay".
The wyvern barely misses you.
You barely miss the wyvern with the +5 short sword "Macyzay".
You slash the wyvern with your +2 long sword!
You kill the wyvern!
Okawaru is honoured by your kill.
Found Dien's Distillery.
Found a stone staircase leading up.
Unknown command. 😎 HP[+1]
Your hp is fully restored (56).
You close the door.
There is an entrance to Dien's Distillery here.
A - a potion of mutation {!q};
B - a potion of berserk rage {!q}
C - a potion of haste {@q3} Thank you for shopping at Dien's Distillery!
You can access your shopping list by pressing '$'.
There is a stone staircase leading up here.
You climb upwards.
You hear the roar of battle.
There is an entrance to a bailey on this level.
Hurry and find it before the portal closes forever!
There is a stone staircase leading down here.
Unknown command.
Okay, then.
A wolf comes into view.
The wolf howls!
You hear a howl!
The wolf bites you. The wolf closely misses you. 😕 HP[-6]
You take 6 damage, and now have 50/56 hp.
You completely miss the wolf with the +5 short sword "Macyzay".
You hit the wolf with your +2 long sword.
The wolf barely misses you.
You hit the wolf with the +5 short sword "Macyzay".
You feel better.
You hit the wolf with your +2 long sword.
The wolf bites you! 😕 HP[-6]
You take 6 damage, and now have 44/56 hp.
You closely miss the wolf with the +5 short sword "Macyzay".
You closely miss the wolf with your +2 long sword.
The wolf bites you. x2 😮 HP[-9]
You take 9 damage, and now have 35/56 hp.
You barely miss the wolf with your +2 long sword.
You puncture the wolf with the +5 short sword "Macyzay"!
You feel better. The wolf bites you. The wolf misses you. 😮 HP[-1]
You take 1 damage, and now have 34/56 hp.
The wolf bites you!
* * * LOW HITPOINT WARNING * * *
😨 HP[-8]
You take 8 damage, and now have 26/56 hp.
You miss the wolf with the +5 short sword "Macyzay".
You slash the wolf with your +2 long sword!
You kill the wolf!
Okawaru accepts your kill.
Your Long Blades skill increases to level 11!
You slash the wolf with your +2 long sword!
You hit the wolf with the +5 short sword "Macyzay".
The wolf closely misses you. Grum closely misses you.
You barely miss the wolf with your +2 long sword.
You puncture the wolf with the +5 short sword "Macyzay"!
You feel better.
You kill the wolf!
Okawaru accepts your kill.
Grum hits you from afar with a +1 spear.
* * * LOW HITPOINT WARNING * * *
😨 HP[-2]
You take 2 damage, and now have 24/56 hp.
Grum hits you with a +1 spear!!
* * * LOW HITPOINT WARNING * * *
Things that are here:
a wolf corpse; a wolf corpse; 😱 HP[-18]
You take 18 damage, and now have 6/56 hp.
MASSIVE DAMAGE!! (PAUSE)
You feel much better. Grum hits you with a +1 spear!
* * * LOW HITPOINT WARNING * * *
😨 HP[+10]
You regained 10 hp, and now have 16/56 hp.
You hit Grum but do no damage.
You closely miss Grum with your +2 long sword.
Grum completely misses you.
You closely miss Grum with the +5 short sword "Macyzay".
You slash Grum with your +2 long sword! 😨 HP[+1]
You completely miss Grum with your +2 long sword.
You hit Grum with the +5 short sword "Macyzay".
Grum hits you with a +1 spear!
* * * LOW HITPOINT WARNING * * *
😱 HP[-9]
You take 9 damage, and now have 8/56 hp.
You slash Grum with your +2 long sword!
You closely miss Grum with the +5 short sword "Macyzay".
Grum hits you with a +1 spear!
You die...

Skill      XL: |  1  2  3  4  5  6  7  8 |
---------------+-------------------------+-----
Long Blades    | 4 5 6 7 9 11 | 11.2
Fighting       | |  2.0
Throwing       | |  1.7
Dodging        | |  2.6

Action                     |  1- 3 |  4- 6 |  7- 9 || total
---------------------------+-------+-------+-------++-------
  Melee: Long sword        |    51 |   149 |   160 ||   360
         Dagger            |    39 |   137 |    36 ||   212
         Short sword       |       |       |   124 ||   124
 Invoke: Heroism           |       |       |     1 ||     1
    Use: Scroll            |       |    10 |     8 ||    18
         Potion            |       |       |     1 ||     1
   Stab: Sleeping          |     3 |     1 |     5 ||     9
 Armour: Leather armour    |    18 |   105 |   100 ||   223
  Dodge: Dodged            |    30 |    88 |   107 ||   225

Levels and vault maps discovered:
D:1:      wander_arrival_fairy_ring, layout_loops_ring
D:2:      layout_loops_cross, uniq_crazy_yiuf_cottage
D:3:      layout_loops_ring
D:4:      wad_woods_settlement, layout_basic, general_overflow_altar,
          mainiacjoe_overflow_alcove_1, mainiacjoe_overflow_divided_tiny
D:5:      layout_gridville, minmay_temple_entry_sparse_star,
          portal_sewer_entry_f, uniq_edmund
D:6:      layout_basic, serial_bayou_pond_d
D:8:      layout_loops_cross, mainiacjoe_overflow_large_starburst,
          grunt_lair_entry_orc_guard_hut, enter_bailey_5, gammafunk_ghost_arena,
          billiards_dpeg, uniq_prince_ribbit1, uniq_grum
D:9:      layout_grid_maze, serial_shops, nicolae_inconvenience_store, shop,
          shop, nicolae_shop_drivethru, shop, minmay_tree_intersection,
          hellmonk_guarded_unrand_vitality_bloodlust
Temple:   kb_temple_of_zot

Notes
Turn   | Place    | Note
-------+----------+-------------------------------------------
     0 | D:1      | kae the Coglin Gladiator began the quest for the Orb.
     0 | D:1      | Reached XP level 1. HP: 16/16 MP: 1/1
     0 | D:1      | magus.rc [v1.11.3]
   132 | D:1      | Reached XP level 2. HP: 22/22 MP: 2/2
   289 | D:1      | You pick up a book of Debilitation and begin reading...
   289 | D:1      | You add the spells Slow, Vampiric Draining and Confusing
                  | Touch to your library.
   406 | D:1      | Reached skill level 4 in Long Blades
   408 | D:1      | Reached XP level 3. HP: 22/27 MP: 3/3
   804 | D:2      | Reached XP level 4. HP: 33/33 MP: 4/4
   939 | D:2      | Reached skill level 5 in Long Blades
   946 | D:2      | HP: 8/33 [ball python (1)]
  1410 | D:2      | Found a runed translucent door.
  1411 | D:2      | Noticed Crazy Yiuf
  1624 | D:3      | Reached XP level 5. HP: 38/38 MP: 5/5
  2129 | D:4      | Found a glowing silver altar of Zin.
  2177 | D:3      | Reached skill level 6 in Long Blades
  2270 | D:4      | Reached XP level 6. HP: 31/44 MP: 6/6
  2336 | D:4      | Reached skill level 7 in Long Blades
  2512 | D:4      | Reached XP level 7. HP: 34/50 MP: 7/7
  2636 | D:4      | Found a basalt altar of Yredelemnul.
  2743 | D:4      | You pick up a book of Callings and begin reading...
  2743 | D:4      | You add the spells Summon Small Mammal, Call Canine
                  | Familiar and Summon Blazeheart Golem to your library.
  3072 | D:4      | Found a sparkling altar of Nemelex Xobeh.
  3072 | D:4      | Found a glowing golden altar of the Shining One.
  3223 | D:5      | Entered Level 5 of the Dungeon
  3279 | D:5      | Reached skill level 8 in Long Blades
  3300 | D:5      | Identified the +5 short sword "Macyzay" {vamp, rElec rF+
                  | Stlth+}
  3336 | D:5      | Found a glowing drain.
  3367 | Sewer    | Entered a sewer
  3475 | Sewer    | Reached skill level 9 in Long Blades
  3546 | Sewer    | Found a white marble altar of Elyvilon.
  3630 | D:5      | Found a staircase to the Ecumenical Temple.
  3738 | Temple   | Entered the Ecumenical Temple
  3764 | Temple   | Became a worshipper of Warmaster Okawaru
  3836 | D:5      | Reached XP level 8. HP: 29/56 MP: 8/8
  3998 | D:5      | Noticed Edmund
  4016 | D:5      | Killed Edmund
  4257 | D:5      | Reached skill level 10 in Long Blades
  4391 | D:6      | Reached * piety under Okawaru
  4434 | D:6      | You fall into a shaft and drop 3 floors!
  4561 | D:9      | Noticed a wyvern
  4567 | D:9      | Killed a wyvern
  4568 | D:9      | Found Dien's Distillery.
  4581 | D:9      | Bought a potion of mutation for 88 gold pieces
  4581 | D:9      | Bought a potion of berserk rage for 55 gold pieces
  4581 | D:9      | Bought a potion of haste for 110 gold pieces
  4584 | D:8      | Noticed Grum
  4597 | D:8      | Reached skill level 11 in Long Blades
  4599 | D:8      | HP: 6/56 [Grum/+1 spear (18)]
  4604 | D:8      | Slain by Grum

Vanquished Creatures
  A wyvern (D:9)
  Edmund (D:5)
  2 wolves (D:8)
  A centaur (D:5)
  A phantom (D:5)
  A kobold brigand (Sewer)
  A bullfrog (D:4)
  4 scorpions
  A killer bee (D:9)
  A jelly (D:5)
  3 hounds
  3 iguanas (D:5)
  3 orc wizards
  3 gnolls (D:4)
  10 adders
  A river rat (Sewer)
  2 dart slugs (D:1)
  2 ribbon worms
  17 orcs
  10 ball pythons
  10 bats
  7 endoplasms
  7 giant cockroaches
  5 goblins
  7 hobgoblins
  9 jackals
  7 quokkas
  3 frilled lizards
  7 kobolds
  10 rats
140 creatures vanquished.

Vanquished Creatures (collateral kills)
  An adder (D:3)
1 creature vanquished.

Grand Total: 141 creatures vanquished

Table legend:
 A = Non-vault XP
 B = Vault XP
 C = Vault XP percentage of total XP
 D = Non-vault monster count
 E = Vault monster count
 F = Vault count percentage of total count
                 A         B        C        D         E       F
            +---------+---------+-------+---------+---------+-------
      Total |    1609 |     583 |  26.6 |     112 |      29 |  20.6
            +---------+---------+-------+---------+---------+-------
        D:1 |      38 |       0 |   0.0 |      20 |       0 |   0.0
        D:2 |      82 |       0 |   0.0 |      29 |       0 |   0.0
        D:3 |     131 |       0 |   0.0 |      19 |       0 |   0.0
        D:4 |     384 |      49 |  11.3 |      13 |       6 |  31.6
        D:5 |     537 |     174 |  24.5 |      17 |       7 |  29.2
        D:6 |     164 |       0 |   0.0 |      12 |       0 |   0.0
        D:8 |       0 |     227 | 100.0 |       0 |       2 | 100.0
        D:9 |     273 |       0 |   0.0 |       2 |       0 |   0.0
      Sewer |       0 |     133 | 100.0 |       0 |      14 | 100.0
            +---------+---------+-------+---------+---------+-------

Skill      XL: |  1  2  3  4  5  6  7  8 |
---------------+-------------------------+-----
Long Blades    | 4 5 6 7 9 11 | 11.2
Fighting       | |  2.0
Throwing       | |  1.7
Dodging        | |  2.6

Action                     |  1- 3 |  4- 6 |  7- 9 || total
---------------------------+-------+-------+-------++-------
  Melee: Long sword        |    51 |   149 |   160 ||   360
         Dagger            |    39 |   137 |    36 ||   212
         Short sword       |       |       |   124 ||   124
 Invoke: Heroism           |       |       |     1 ||     1
    Use: Scroll            |       |    10 |     8 ||    18
         Potion            |       |       |     1 ||     1
   Stab: Sleeping          |     3 |     1 |     5 ||     9
 Armour: Leather armour    |    18 |   105 |   100 ||   223
  Dodge: Dodged            |    30 |    88 |   107 ||   225

Illustrated notes

Table legend:
 A = Kills in this place as a percentage of kills in the entire game.
 B = Kills by you in this place as a percentage of kills by you in the entire game.
 C = Kills by friends in this place as a percentage of kills by friends in the entire game.
 D = Other kills in this place as a percentage of other kills in the entire game.
 E = Experience gained in this place as a percentage of experience gained in the entire game.
 F = Experience gained in this place divided by the number of levels of this place that you have seen.
                   A       B       C       D       E      F
               +-------+-------+-------+-------+-------+----------------------
         Total | 100.0 | 100.0 | 100.0 |   N/A | 100.0 | 219.2
       Dungeon |  90.1 |  90.0 | 100.0 |   N/A |  93.9 | 257.4
         Sewer |   9.9 |  10.0 |   0.0 |   N/A |   6.1 | 133.0
               +-------+-------+-------+-------+-------+----------------------

Table legend: (Time is in decaauts)
 A = Elapsed time spent in this place.
 B = Non-inter-level travel time spent in this place.
 C = Inter-level travel time spent in this place.
 D = Time resting spent in this place.
 E = Time spent auto-exploring this place.
 F = Levels seen in this place.
 G = Mean time per level.
                   A        B        C        D        E       F      G
               +--------+--------+--------+--------+--------+-----+--------+
         Total |   4601 |   4359 |    242 |    260 |   3176 |  10 |  460.1 |
       Dungeon |   4307 |   4117 |    190 |    260 |   3003 |   8 |  538.4 |
        Temple |     52 |      1 |     51 |      0 |      0 |   1 |   52.0 |
         Sewer |    241 |    241 |      0 |      0 |    173 |   1 |  241.0 |
               +--------+--------+--------+--------+--------+-----+--------+

Top non-repeatable levels by time:
     D:4: 1028 daAuts
     D:5: 816 daAuts
     D:2: 772 daAuts
     D:3: 767 daAuts
     D:1: 683 daAuts
   Sewer: 241 daAuts
     D:9: 146 daAuts
     D:6: 75 daAuts
  Temple: 52 daAuts
     D:8: 17 daAuts
